 Dungeon Crawl Stone Soup version 0.20.1-1-g8b1a95d (webtiles) character file.

1064 galech the Ruffian (level 8, -10/75 HPs)
             Began as a Troll Monk on Sept 4, 2017.
             Mangled by a two-headed ogre
             ... wielding a +0 giant club
              (21 damage)
             ... on level 5 of the Dungeon.
             The game lasted 00:05:27 (3598 turns).

galech the Ruffian (Troll Monk)                     Turns: 3598, Time: 00:05:27

Health: -10/75     AC:  5    Str: 22    XL:     8   Next: 6%
Magic:  7/7        EV: 12    Int:  6    God:
Gold:   96         SH:  0    Dex: 12    Spells: 7/7 levels left

rFire    . . .     SeeInvis .     - Unarmed
rCold    . . .     Gourm    +   (no shield)
rNeg     . . .     Faith    .   a - +0 robe
rPois    .         Spirit   .   (helmet restricted)
rElec    .         Reflect  .   (no cloak)
rCorr    .         Harm     .   (gloves unavailable)
MR       .....                  (boots unavailable)
Stlth    ++........             (no amulet)
Regen    0.7/turn               (no ring)
MPRegen  0.1/turn               (no ring)

@: no status effects
A: unfitting armour, claws 3, fast metabolism 3, gourmand, regeneration 1,
shaggy fur 1, tough skin 2
a: no special abilities


You were on level 5 of the Dungeon.
You were completely stuffed.

You visited 2 branches of the dungeon, and saw 6 of its levels.

You collected 96 gold pieces.

Inventory:

Armour
 a - a +0 robe (worn)
Wands
 n - a wand of disintegration (11/24)
 p - a wand of iceblast (8/15)
 u - a wand of digging (6/24)
Scrolls
 c - 2 scrolls of amnesia {unknown}
 d - 2 scrolls of blinking {unknown}
 e - 10 scrolls of identify {unknown}
 h - 3 scrolls of enchant armour {unknown}
 k - a scroll of fog {unknown}
 l - 4 scrolls of remove curse {unknown}
 m - a scroll of teleportation {unknown}
 o - a scroll of fear {unknown}
 v - a scroll of recharging {unknown}
Potions
 g - 3 potions of degeneration {unknown}
 i - a potion of invisibility {unknown}
 q - a potion of heal wounds {unknown}
 s - 2 potions of haste {unknown}
 t - a potion of curing {unknown}
Comestibles
 b - 6 bread rations
 f - 3 meat rations
 j - a royal jelly
 r - 10 chunks of flesh


   Skills:
 + Level 3.3 Fighting
 + Level 4.9 Dodging
 + Level 2.1 Stealth
 + Level 7.3 Unarmed Combat


You had 7 spell levels left.
You didn't know any spells.

Dungeon Overview and Level Annotations

Branches:
Dungeon (5/15)             Temple (1/1) D:4

Altars:
Ashenzari
Cheibriados
Dithmenos
Fedhas
Gozag
Hepliaklqana
Kikubaaqudgha
Makhleb
Nemelex Xobeh
Ru
Sif Muna
Trog
Vehumet
Xom
Yredelemnul
Zin
The Shining One


Innate Abilities, Weirdness & Mutations

You are too large for most types of armour.
You have claws for hands.
Your metabolism is lightning-fast.
You like to eat raw meat.
Your natural rate of healing is unusually fast.
You are covered in fur. (AC +1)
You have very tough skin. (AC +2)


Message History

You are too injured to fight recklessly!
You are too injured to fight recklessly!
You are too injured to fight recklessly!
You are too injured to fight recklessly!
You are too injured to fight recklessly!
You are too injured to fight recklessly!
You are too injured to fight recklessly!
You are too injured to fight recklessly!
You are too injured to fight recklessly!
You are too injured to fight recklessly!
You are too injured to fight recklessly!
You are too injured to fight recklessly!
You are too injured to fight recklessly!
You are too injured to fight recklessly!
You scratch the two-headed ogre.
The two-headed ogre is almost dead.
The two-headed ogre hits you with a giant club!!
* * * LOW HITPOINT WARNING * * *
The two-headed ogre hits you with a giant club!!
You die...

......###....#.#.#
..................
....#.##.....#.#.# #
#.....#.#.# ... #.
#....##.#.##
..###.##<.......$.####
........)............#
............##.#.###.#
.......#....####@#
.#..........# #O#
.#.....#...## #.#
.######....#####.#
.................#
.........#.#######
#........#.#
#.......#### #....##.#


You could see a two-headed ogre.

Vanquished Creatures
  The ghost of Targos the Firebug, a novice HuFE of the Shining One (D:5)
  Eustachio (D:5)
  An ice beast (D:4)
  A centaur (D:5)
  A crimson imp (D:5)
  3 hounds (D:4)
  A jelly (D:5)
  2 orc wizards
  Ijyb (D:5)
  3 worker ants
  3 gnolls (D:3)
  5 adders
  An adder skeleton (D:5)
  A worm (D:3)
  4 dart slugs
  2 leopard geckos (D:3)
  22 orcs
  2 ball pythons
  4 giant cockroaches
  7 goblins
  4 hobgoblins
  8 jackals
  2 quokkas
  3 bats
  5 frilled lizards
  A jackal zombie (D:4)
  5 kobolds
  2 leopard gecko skeletons
  4 rats
100 creatures vanquished.

Vanquished Creatures (others)
  A bush (D:3)
1 creature vanquished.

Grand Total: 101 creatures vanquished

Notes
Turn   | Place    | Note
-------+----------+-------------------------------------------
     0 | D:1      | galech the Troll Monk began the quest for the Orb.
     0 | D:1      | Reached XP level 1. HP: 22/22 MP: 0/0
    82 | D:1      | Reached XP level 2. HP: 24/29 MP: 1/1
   870 | D:1      | Reached XP level 3. HP: 36/36 MP: 2/2
  1297 | D:2      | Found a bloodstained altar of Trog.
  1338 | D:2      | Found a snail-covered altar of Cheibriados.
  1550 | D:3      | Reached XP level 4. HP: 43/44 MP: 3/3
  1722 | D:3      | Reached skill level 4 in Unarmed Combat
  1974 | D:3      | Reached XP level 5. HP: 40/52 MP: 4/4
  2188 | D:4      | Found a staircase to the Ecumenical Temple.
  2197 | Temple   | Entered the Ecumenical Temple
  2509 | D:4      | Reached skill level 5 in Unarmed Combat
  2647 | D:4      | Reached XP level 6. HP: 59/59 MP: 5/5
  2966 | D:5      | Entered Level 5 of the Dungeon
  3043 | D:5      | Noticed Eustachio
  3056 | D:5      | Killed Eustachio
  3061 | D:5      | Noticed an ice beast
  3067 | D:5      | Reached XP level 7. HP: 10/67 MP: 6/6
  3185 | D:4      | Reached skill level 6 in Unarmed Combat
  3356 | D:5      | Found an ancient bone altar of Kikubaaqudgha.
  3540 | D:5      | Noticed Ijyb
  3551 | D:5      | Killed Ijyb
  3560 | D:5      | Noticed Targos's ghost (novice HuFE)
  3570 | D:5      | Killed Targos's ghost
  3570 | D:5      | Reached skill level 7 in Unarmed Combat
  3570 | D:5      | Reached XP level 8. HP: 57/75 MP: 7/7
  3591 | D:5      | Noticed a two-headed ogre
  3598 | D:5      | Mangled by a two-headed ogre

Skill      XL: |  1  2  3  4  5  6  7 |
---------------+----------------------+-----
Dodging        | 3 4 |  4.9
Unarmed Combat | 4 5 7 |  7.3
Fighting       | 3 |  3.3
Stealth        | 2 |  2.1

Action                   |  1- 3 |  4- 6 |  7- 9 || total
-------------------------+-------+-------+-------++-------
Melee: Unarmed           |    82 |   157 |    83 ||   322
       Punch             |     3 |     1 |     3 ||     7
 Stab: Sleeping          |     1 |     2 |       ||     3
  Eat: Chunk             |    19 |    14 |     6 ||    39
Armor: Robe              |    27 |    53 |    26 ||   106
Dodge: Dodged            |    42 |   102 |    48 ||   192
